 Dungeon Crawl Stone Soup version 0.32-a0-928-g1cae6b7ea0 (webtiles) character file.

Game seed: 9038735578602785998

22866 bobo the Warrior (level 13, -5/92 HPs)
             Began as a Barachi Hunter on Apr 13, 2024.
             Was a High Priest of Fedhas.
             Collided with a translucent stone wall (13 damage)
             ... after being knocked back by a wretched star
             ... in a Gauntlet.
             The game lasted 00:44:24 (10930 turns).

bobo the Warrior (Barachi Hunter)                  Turns: 10930, Time: 00:44:26

Health: -5/92      AC:  5    Str: 13      XL:     13   Next: 3%
Magic:  16/16      EV: 16    Int:  9      God:    Fedhas [*****.]
Gold:   291        SH:  0    Dex: 21 (22) Spells: 12/12 levels left

rFire   x . .        F - +8 sling of Gloom {flame, rF+ Int+3}
rCold   . . .        (no shield)
rNeg    . . .        P - +1 troll leather armour
rPois   .            o - +2 hat
rElec   .            (no cloak)
rCorr   .            (no gloves)
SInv    .            c - +0 pair of boots
Will    .....        f - amulet of regeneration
Stlth   +            u - +6 ring of dexterity
HPRegen 0.00/turn    j - +5 ring of evasion
MPRegen 0.15/turn

%: no teleportation
@: confused, ambrosia-drunk, inhibited regen, slow
A: amphibious, slowness 1, strong legs 2, +LOS, [clumsy 2], [deformed body],
[deterioration 2], [dopey 2], [frail 2], [low MP 2], [inhibited regeneration],
[no potion heal 2], [heat vulnerability 2], [persistent drain]
a: Hop, Renounce Religion, Wall of Briars, Grow Ballistomycete, Overgrow, Grow
Oklob


You were in a Gauntlet.
You worshipped Fedhas.
Fedhas was extremely pleased with you.
You visited 3 branches of the dungeon, and saw 14 of its levels.
You also visited: Gauntlet.

You collected 966 gold pieces.
You spent 675 gold pieces at shops.

Inventory:

Hand Weapons
 F - the +8 sling of Gloom (weapon) {flame, rF+ Int+3}
   (You found it on level 6 of the Dungeon)

   Int+3:     It affects your intelligence (+3).
   rF+:       It protects you from fire.
Missiles
 M - 2 throwing nets
Armour
 c - a +0 pair of boots (worn)
 o - a +2 hat (worn)
 P - a +1 troll leather armour (worn)
 T - the +1 pair of gloves "Nuafal" {Str+3}
   (You found it in a Gauntlet)

   Str+3:     It affects your strength (+3).
Jewellery
 b - the amulet of Luytuowe {+Inv RegenMP+ Slay+2}
   (You found it in a Gauntlet)

   [amulet of magic regeneration]

   It increases your rate of magic regeneration.
   Slay+2:    It affects your accuracy & damage with ranged weapons and melee
   (+2).
   +Inv:      It lets you turn invisible.
   RegenMP+:  It increases your rate of magic regeneration.
 f - an amulet of regeneration (around neck)
 j - a +5 ring of evasion (right hand)
 u - a +6 ring of dexterity (left hand)
 H - a ring of wizardry
Talismans
 R - a storm talisman
Wands
 d - a wand of iceblast (9)
 q - a wand of polymorph (10)
 v - a wand of mindburst (6)
 y - a wand of flame (15)
 N - a wand of charming (2)
 O - a wand of digging (4)
Scrolls
 e - 2 scrolls of immolation
 g - 3 scrolls of enchant weapon
 i - a scroll of amnesia {unknown}
 m - 2 scrolls of revelation
 n - 2 scrolls of poison {unknown}
 t - 5 scrolls of teleportation
 x - a scroll of blinking {unknown}
 A - a scroll of brand weapon {unknown}
 C - 3 scrolls of noise {unknown}
 E - a scroll of fear {unknown}
 G - 3 scrolls of identify
 J - 2 scrolls of silence {unknown}
 K - a scroll of vulnerability {unknown}
 L - 3 scrolls of fog {unknown}
Potions
 a - 2 potions of haste {unknown}
 h - 5 potions of curing
 k - a potion of berserk rage {unknown}
 l - 3 potions of lignification
 p - 5 potions of brilliance
 r - a potion of ambrosia
 s - 2 potions of mutation
 w - 2 potions of magic
 z - 2 potions of resistance {unknown}
 B - a potion of attraction {unknown}
 D - 2 potions of invisibility {unknown}
 I - 2 potions of might
 Q - a potion of degeneration {unknown}
 S - 2 potions of cancellation {unknown}


   Skills:
 + Level 15.4 Fighting
 + Level 13.4 Ranged Weapons
 - Level 2.1 Dodging
 - Level 3.4 Stealth
 + Level 10.2 Invocations


You had 12 spell levels left.
You didn't know any spells.
Your spell library contained the following spells:

 Spells                   Type           Power      Damage    Failure   Level
 Foxfire                  Conj/Fire      0%         2x1d4     45%         1
 Sandblast                Erth           0%         2d4       45%         1
 Dazzling Flash           Conj/Hex       0%         N/A       83%         3
 Stone Arrow              Conj/Erth      0%         3d7       83%         3
 Volatile Blastmotes      Fire/Tloc      0%         2d10      83%         3
 Brom's Barrelling Bould  Conj/Erth      0%         2d3       99%         4
 Fulminant Prism          Conj/Alch      0%         3d5       99%         4
 Iskenderun's Mystic Bla Conj/Tloc 0%             2d3        (+2d1     99%         4
 Leda's Liquefaction      Alch/Erth      0%         N/A       99%         4
 Freezing Cloud           Conj/Ice/Air   0%         6-21      100%        5


Dungeon Overview and Level Annotations

Branches:
Dungeon (11/15)            Temple (1/1) D:5            Lair (2/5) D:11
    Orc (0/2) D:11        Gauntlet (1/1)
  Swamp: Lair:2-3    Shoals: Lair:2-3     Snake: Lair:2-3    Spider: Lair:2-3

Altars:
Ashenzari
Cheibriados
Dithmenos
Elyvilon
Fedhas
Gozag
Hepliaklqana
Kikubaaqudgha
Makhleb
Nemelex Xobeh
Okawaru
Qazlal
Ru
Sif Muna
Trog
Uskayaw
Vehumet
Wu Jian
Xom
Yredelemnul
Zin
The Shining One
Lugonu

Shops:
D:10 [:*[

Annotations:
Gauntlet 7 transporters


Innate Abilities, Weirdness & Mutations

You are amphibious.
You cover ground slowly.
You can hop long distances.
You have an extended range of vision and can be seen from far away.
[You are very clumsy. (Dex -4)]
[Armour fits poorly on your strangely shaped body.]
[Your body often deteriorates upon taking damage.]
[You are very dopey. (Int -4)]
[You are very frail. (-20% HP)]
[Your magical capacity is very low. (-20% MP)]
[You do not regenerate when monsters are visible.]
[Potions cannot restore your health.]
[You are very vulnerable to heat. (rF--)]
[Your health recovers twice as slowly from being drained.]


Message History

You feel your power leaking away.
The wretched star pulses with an eldritch light!
You feel vulnerable to heat. x2
Your butterfly twists and deforms. x14; The demonic plant twists and deforms.
Your butterfly twists and deforms. x2
You shoot a sling bullet.
The sling bullet closely misses the small abomination.
The small abomination completely misses you.
The neqoxec hits your butterfly!
Your butterfly dies!
Your butterfly disappears in a burst of colours!
You shoot a sling bullet.
The sling bullet hits the small abomination!
The sling bullet burns the small abomination!
The small abomination is almost destroyed.
The small abomination hits you!
* * * LOW HITPOINT WARNING * * *
Your body deteriorates!
You feel clumsy.
The neqoxec completely misses your butterfly.
You shoot a sling bullet.
The sling bullet hits the small abomination!
The sling bullet burns the small abomination.
You destroy the small abomination!
Fedhas accepts your kill.
The wretched star pulses with an eldritch light!
You feel less energetic. x2
Your butterfly twists and deforms. x9; The demonic plant twists and deforms.
Your butterfly twists and deforms. x7
The neqoxec completely misses your butterfly.
You are confused.
Your system rejects the healing.
You feel invigorated.
The neqoxec barely misses your butterfly.
You are ready to hop once more.
The wretched star glows turbulently.
The lance of force hits you!
* * * LOW HITPOINT WARNING * * *
You are knocked back by the lance of force.
You slam into the translucent stone wall!
You die...
Fedhas appreciates your contribution to the ecosystem.

###..#.....b...#.ß.####
#..#..b...b..#...#.#.
#####..#..#b..#..######".
#≈ߧ#..#...bbbbb.#...#.##
.##...#..#©.b3b.b..#©.©#B.#
....ß.#..#*...bbPb.#...#..#
.##...#..#..#bb.#b.#####.##
.##.ß.#..#...bb....#...#...
......#..#@........#...##.#
.##...#..###########...####
.##.©.#≈.............≈.....
......#∩............≈ß≈....
.##.©.#≈............§§.....
.##...#..###########...####
......#..#zzzz.....#...#43.
.##.ß.#..#..##.##..#...#.##
.##...#..#=##...##.#####.#.


You could see a wretched star (ally target), a neqoxec (ally target), a weeping
skull and 3 laughing skulls.

Vanquished Creatures
  A hydra (Lair:2)
  A boulder beetle (D:11)
  2 two-headed ogres
  A centaur warrior (D:11)
  A necromancer (Gauntlet)
  An orc knight (D:11)
  An ugly thing (D:11)
  A manticore (D:11)
  2 cyclopes (D:11)
  3 gargoyles (D:11)
  2 unseen horrors
  3 cane toads (Lair:1)
  Maggie (D:6)
  A komodo dragon (Lair:2)
  3 kobold demonologists (D:10)
  6 trolls
  Prince Ribbit (D:8)
  A raiju (shapeshifter) (D:11)
  Sigmund (D:5)
  4 shadows (D:11)
  A centaur simulacrum (D:11)
  2 small abominations (Gauntlet)
  A wraith (D:11)
  Eustachio (D:4)
  19 yaks
  A spectral komodo dragon (Gauntlet)
  3 vampire mosquitoes
  A steam dragon (D:8)
  Menkaure (D:4)
  Edmund (D:4)
  An acid dragon (D:9)
  5 water moccasins
  7 orc warriors
  A sky beast (D:7)
  An ice beast (D:7)
  3 wolves (Gauntlet)
  3 centaurs
  2 phantoms
  A lemure (D:5)
  A kobold brigand (D:7)
  Blork the orc (D:4)
  6 bullfrogs
  2 gnoll sergeants
  2 scorpions
  15 wights
  15 killer bees
  4 howler monkeys
  An electric eel (D:10)
  3 bombardier beetles
  3 hounds
  4 jellies
  12 orc priests
  A gnoll bouda (D:9)
  Jessica (D:2)
  Natasha (twice) (D:3)
  Ijyb (D:3)
  4 iguanas
  21 orc wizards
  12 gnolls
  7 adders
  A white imp (D:6)
  2 ufetubi (D:6)
  3 dart slugs
  80 orcs
  9 ball pythons
  4 bats
  3 endoplasms
  5 giant cockroaches
  8 goblins
  4 hobgoblins
  2 jackals
  8 quokkas
  4 frilled lizards
  13 kobolds
  6 rats
362 creatures vanquished.

Vanquished Creatures (collateral kills)
  2 yaks
  5 vampire mosquitoes (D:10)
  An orc wizard (D:6)
8 creatures vanquished.

Grand Total: 370 creatures vanquished

Notes
Turn   | Place    | Note
-------+----------+-------------------------------------------
     0 | D:1      | bobo the Barachi Hunter began the quest for the Orb.
     0 | D:1      | Reached XP level 1. HP: 17/17 MP: 1/1
     9 | D:1      | Reached skill level 1 in Stealth
   118 | D:1      | Reached XP level 2. HP: 23/23 MP: 2/2
   325 | D:1      | Reached skill level 3 in Fighting
   491 | D:1      | Reached XP level 3. HP: 29/29 MP: 3/3
   984 | D:2      | Noticed Jessica
   996 | D:2      | Killed Jessica
   997 | D:2      | Reached XP level 4. HP: 27/36 MP: 4/4
  1443 | D:3      | Noticed Natasha
  1459 | D:3      | Killed Natasha
  1460 | D:3      | Reached skill level 4 in Fighting
  1461 | D:3      | Reached XP level 5. HP: 26/42 MP: 5/5
  1567 | D:3      | Noticed Ijyb
  1625 | D:3      | Killed Ijyb
  1667 | D:3      | Reached skill level 5 in Ranged Weapons
  1853 | D:3      | Noticed Natasha
  1887 | D:3      | Killed Natasha
  1888 | D:3      | Reached XP level 6. HP: 39/49 MP: 6/6
  2143 | D:3      | Reached skill level 5 in Fighting
  2449 | D:4      | Noticed Blork the orc
  2459 | D:4      | Killed Blork the orc
  2583 | D:4      | Reached XP level 7. HP: 57/57 MP: 7/7
  2689 | D:4      | Noticed Eustachio
  2713 | D:4      | Noticed Edmund
  2732 | D:4      | Killed Edmund
  2733 | D:4      | Reached skill level 6 in Fighting
  3049 | D:4      | Noticed Menkaure
  3054 | D:4      | Killed Menkaure
  3055 | D:4      | Reached skill level 7 in Fighting
  3066 | D:4      | Killed Eustachio
  3067 | D:4      | Reached XP level 8. HP: 65/67 MP: 8/8
  3097 | D:5      | Entered Level 5 of the Dungeon
  3214 | D:5      | Found a staircase to the Ecumenical Temple.
  3214 | D:5      | Noticed Sigmund
  3232 | D:5      | Killed Sigmund
  3233 | D:5      | Reached skill level 8 in Fighting
  3241 | Temple   | Entered the Ecumenical Temple
  3307 | Temple   | Became a worshipper of Fedhas Madash
  3467 | D:5      | Reached skill level 1 in Invocations
  4196 | D:6      | Noticed Maggie
  4254 | D:6      | Reached * piety under Fedhas
  4435 | D:6      | Found a hazy altar of Hepliaklqana.
  4451 | D:6      | Reached XP level 9. HP: 75/75 MP: 10/10
  4456 | D:6      | Reached skill level 9 in Fighting
  4502 | D:6      | Killed Maggie
  4814 | D:6      | Identified the +8 sling of Gloom {flame, rF+ Int+3}
  4964 | D:6      | Reached ** piety under Fedhas
  5090 | D:7      | Reached skill level 10 in Fighting
  5422 | D:7      | Reached XP level 10. HP: 86/86 MP: 13/13
  5425 | D:7      | Reached skill level 5 in Invocations
  5896 | D:8      | Reached *** piety under Fedhas
  5981 | D:8      | Reached skill level 11 in Fighting
  6014 | D:8      | Noticed Prince Ribbit
  6028 | D:8      | Killed Prince Ribbit
  6352 | D:8      | Reached skill level 10 in Ranged Weapons
  6866 | D:9      | You fall into a shaft and drop 2 floors!
  6950 | D:11     | Killed an unseen horror
  7065 | D:11     | Noticed a gargoyle
  7092 | D:10     | Entered Level 10 of the Dungeon
  7111 | D:11     | Killed a gargoyle
  7146 | D:11     | Noticed a two-headed ogre
  7152 | D:11     | Killed a two-headed ogre
  7153 | D:11     | Reached skill level 12 in Fighting
  7156 | D:11     | Noticed a gargoyle
  7160 | D:11     | Killed a gargoyle
  7161 | D:11     | Reached XP level 11. HP: 95/95 MP: 16/16
  7223 | D:10     | Found Vianir's Antique Armour Shoppe.
  7230 | D:10     | Bought a shiny troll leather armour for 486 gold pieces
  7363 | D:10     | Found Woq Toj's Assorted Antiques.
  7373 | D:10     | Found a shimmering altar of Xom.
  7444 | D:10     | Identified the +0 ring mail of Death's Door {Harm}
  7554 | D:9      | Reached **** piety under Fedhas
  8012 | D:9      | Reached skill level 13 in Fighting
  8061 | D:9      | Noticed a two-headed ogre
  8079 | D:9      | Killed a two-headed ogre
  8213 | D:10     | Found Hitiotap's Book Emporium.
  8214 | D:10     | Found Nan Buxt's Armour Emporium.
  8356 | D:10     | Found a corrupted altar of Lugonu.
  8467 | D:10     | Reached ***** piety under Fedhas
  8565 | D:10     | Reached XP level 12. HP: 91/106 MP: 14/18
  8960 | D:11     | Noticed a centaur warrior
  8983 | D:11     | Killed a centaur warrior
  8984 | D:11     | Reached skill level 14 in Fighting
  9034 | D:11     | Noticed a boulder beetle
  9070 | D:11     | Killed a boulder beetle
  9150 | D:10     | Bought a glowing hat for 189 gold pieces
  9216 | D:11     | Found a staircase to the Lair.
  9401 | D:11     | Got the Reference Book on the Chthonic Discharge
  9678 | D:11     | Found a staircase to the Orcish Mines.
  9908 | Lair:1   | Entered Level 1 of the Lair of Beasts
 10097 | Lair:1   | Reached skill level 15 in Fighting
 10600 | Lair:2   | Noticed a four-headed hydra
 10606 | Lair:2   | Killed a four-headed hydra
 10607 | Lair:2   | Reached skill level 10 in Invocations
 10607 | Lair:2   | Found a gate leading to a gauntlet.
 10619 | Gauntlet | Entered a Gauntlet
 10619 | Gauntlet | Found a transporter.
 10619 | Gauntlet | Found a transporter.
 10620 | Gauntlet | Found a transporter.
 10638 | Gauntlet | Found a transporter.
 10639 | Gauntlet | Found a transporter.
 10650 | Gauntlet | Found a transporter.
 10653 | Gauntlet | Found a transporter.
 10653 | Gauntlet | Noticed a death scarab
 10660 | Gauntlet | Noticed a wretched star
 10664 | Gauntlet | Found a transporter.
 10683 | Gauntlet | Found the ring of Shadows {Umbra +Inv Stlth+}
 10685 | Gauntlet | Found a transporter.
 10689 | Gauntlet | Found a transporter.
 10693 | Gauntlet | Found a transporter.
 10704 | Gauntlet | Found a transporter.
 10849 | Gauntlet | Gained mutation: You can hop long distances. [Barachi
                  | growth]
 10849 | Gauntlet | Reached XP level 13. HP: 103/116 MP: 20/20
 10909 | Gauntlet | Identified the +1 pair of gloves "Nuafal" {Str+3}
 10916 | Gauntlet | Identified the amulet of Luytuowe {+Inv RegenMP+ Slay+2}
 10930 | Gauntlet | Collided with a translucent stone wall

Illustrated notes

Levels and vault maps discovered:
D:1:      heliophobic_arrival_henge, layout_basic, minivault_14
D:2:      layout_rooms, minmay_randomly_rotated_circles, uniq_jessica
D:3:      layout_loops_ring, uniq_natasha, uniq_ijyb
D:4:      layout_loops_ring, chequers_serial_rivers_marsh, uniq_menkaure,
          uniq_blork_the_orc, uniq_edmund, uniq_eustachio
D:5:      layout_gridville, minmay_temple_entry_trees, uniq_pikel, uniq_sigmund
D:6:      layout_loops_ring, nzn_hepliaklqana_mist_gate, st_stairs_8,
          nicolae_nh_ransacked_shop, uniq_maggie
D:7:      layout_basic, item_on_display_a
D:8:      layout_basic, uniq_prince_ribbit1
D:9:      layout_rooms, special_room [special_room_orc],
          hangedman_abyss_or_decor_passed, dreamdust_gnoll_shepherd
D:10:     kennysheep_kobold_lugonu_temple, layout_basic, lemuel_round_altar,
          serial_curves, eino_curves_01, eino_curves_03, serial_shops, shop,
          nicolae_take_the_stairs, shop, shop
D:11:     hangedman_cross_cluster, layout_grid_maze, orc_0_dummy, st_stairs_3
Temple:   mainiacjoe_temple_cubbyholes
Lair:1:   layout_loops_ring, small_statue_intersection
Lair:2:   layout_regular_city, gauntlet_entry_generic, serial_bayou_shore_a
Gauntlet: gammafunk_gauntlet_hard_choice [nicolae_gauntlet_arena_x,
          nicolae_gauntlet_swirl, gammafunk_gauntlet_arena_corners,
          gammafunk_gauntlet_arena_mazey,
          gammafunk_gauntlet_arena_split_diamond,
          gammafunk_gauntlet_arena_hedges, gauntlet_exit_green]

Skill      XL: |  1  2  3  4  5  6  7  8  9 10 11 12 |
---------------+-------------------------------------+-----
Stealth        | 1 2 3 |  3.4
Fighting       | 3 4 5 7 8 10 12 13 15 | 15.4
Ranged Weapons | 5 7 8 9 10 12 13 | 13.4
Invocations    | 2 4 6 8 10 | 10.2
Dodging        | |  2.1

Action                     |  1- 3 |  4- 6 |  7- 9 | 10-12 | 13-15 || total
---------------------------+-------+-------+-------+-------+-------++-------
  Melee: Unarmed           |       |    64 |       |       |       ||    64
         Shortbow          |       |     2 |       |       |       ||     2
   Fire: Shortbow          |    73 |   194 |   273 |       |       ||   540
         Sling             |       |       |   120 |   665 |    27 ||   812
  Throw: Throwing net      |       |       |     1 |       |       ||     1
 Invoke: Wall of Briars    |       |       |     2 |     7 |       ||     9
Ability: Hop               |     1 |     4 |     8 |     6 |     2 ||    21
  Evoke: Wand              |       |     6 |    12 |     3 |       ||    21
    Use: Scroll            |       |     3 |     4 |     6 |     1 ||    14
         Potion            |       |     2 |     1 |     2 |     1 ||     6
 Armour: Leather armour    |     5 |    91 |       |       |       ||    96
         Skin              |       |    27 |       |       |       ||    27
         Robe              |       |       |    49 |       |       ||    49
         Steam dragon scal |       |       |    14 |    45 |       ||    59
         Troll leather arm |       |       |       |   111 |    18 ||   129
  Dodge: Dodged            |    13 |    84 |   113 |   178 |    22 ||   410

Table legend: (Time is in decaauts)
 A = Elapsed time spent in this place.
 B = Non-inter-level travel time spent in this place.
 C = Inter-level travel time spent in this place.
 D = Time resting spent in this place.
 E = Time spent auto-exploring this place.
 F = Levels seen in this place.
 G = Mean time per level.
                   A        B        C        D        E       F      G
               +--------+--------+--------+--------+--------+-----+--------+
         Total |  12618 |  11776 |    842 |    199 |   8759 |  15 |  841.2 |
       Dungeon |  11284 |  10558 |    726 |    175 |   7887 |  11 | 1025.8 |
        Temple |    145 |     34 |    111 |      0 |      0 |   1 |  145.0 |
          Lair |    825 |    821 |      4 |      0 |    698 |   2 |  412.5 |
      Gauntlet |    363 |    363 |      0 |     24 |    174 |   1 |  363.0 |
               +--------+--------+--------+--------+--------+-----+--------+

Top non-repeatable levels by time:
    D:11: 1460 daAuts
     D:8: 1334 daAuts
     D:5: 1240 daAuts
    D:10: 1183 daAuts
     D:3: 1135 daAuts
     D:4: 933 daAuts
     D:1: 915 daAuts
     D:6: 854 daAuts
     D:9: 827 daAuts
  Lair:1: 777 daAuts
     D:7: 732 daAuts
     D:2: 667 daAuts
Gauntlet: 363 daAuts
  Temple: 145 daAuts
  Lair:2: 48 daAuts
